 Dungeon Crawl Stone Soup version 0.31-a0-702-gf82c85558f (webtiles) character file.

Game seed: 12928632279418388236

597 qw the Skirmisher (level 7, -9/43 HPs)
             Began as a Gargoyle Hunter on Sept 8, 2023.
             Killed from afar by a white imp (14 damage)
             ... with a puff of frost
             ... on level 5 of the Dungeon.
             The game lasted 00:01:27 (3458 turns).

qw the Skirmisher (Gargoyle Hunter)                 Turns: 3458, Time: 00:01:27

Health: -9/43      AC: 10    Str: 15    XL:     7   Next: 40%
Magic:  7/7        EV: 11    Int:  9    God:
Gold:   210        SH:  0    Dex: 15    Spells: 6/6 levels left

rFire   . . .        Y - +0 orcbow
rCold   . . .        (shield currently unavailable)
rNeg    + + .        g - +0 ring mail
rPois   inf          (no helmet)
rElec   +            (no cloak)
rCorr   .            (no gloves)
SInv    .            (no boots)
Will    +....        e - amulet of Lijan {RegenMP Drain rN+ Will+}
Stlth   +            (no ring)
HPRegen 0.27/turn    (no ring)
MPRegen 0.50/turn

%: no passive effects
@: no status effects
A: sickness immunity, AC +4, negative energy resistance 1, electricity
resistance, torment resistance 1, petrification resistance
a: no special abilities


You were on level 5 of the Dungeon.
You visited 2 branches of the dungeon, and saw 6 of its levels.

You collected 210 gold pieces.


Innate Abilities, Weirdness & Mutations

You are immune to sickness and miasma.
Your stone body is resilient. (AC +4)
You are immune to poison.
You resist negative energy. (rN+)
You are resistant to electric shocks. (rElec)
You are resistant to unholy torment.
You are immune to petrification.


   Skills:
 + Level 4.1 Fighting
 - Level 8.0 Ranged Weapons
 - Level 1.1 Armour
 - Level 1.5 Dodging
 - Level 1.1 Stealth


You had 6 spell levels left.
You didn't know any spells.
Your spell library was empty.

Inventory:

Hand Weapons
 Y - a +0 orcbow (weapon)
Armour
 g - a +0 ring mail (worn)
Jewellery
 e - the amulet of Lijan (around neck) {RegenMP Drain rN+ Will+}
   (You found it on level 3 of the Dungeon)

   [amulet of magic regeneration]

   RegenMP:   It increases your rate of magic regeneration.
   rN+:       It protects you from negative energy.
   Will+:     It increases your willpower.
   Drain:     It drains your maximum health when unequipped.
Scrolls
 a - 3 scrolls of identify
Potions
 d - 2 potions of might

Dungeon Overview and Level Annotations

Branches:
Dungeon (5/15)             Temple (1/1) D:4

Altars:
Ashenzari
Cheibriados
Dithmenos
Elyvilon
Hepliaklqana
Kikubaaqudgha
Nemelex Xobeh
Qazlal
Sif Muna
Uskayaw
Vehumet
Wu Jian
Xom
Yredelemnul


Message History

The sleepcap is heavily damaged.
The white imp gestures at you. The puff of frost hits you.
The sleepcap closely misses you. The white imp barely misses you.
The sleepcap barely misses you.
You shoot an arrow.
The arrow hits the sleepcap but does no damage.
The sleepcap is heavily damaged.
The white imp closely misses you. The sleepcap releases spores at you.
You shoot an arrow. The arrow hits the sleepcap.
The sleepcap is heavily damaged.
The white imp hits you but does no damage.
The sleepcap barely misses you.
You shoot an arrow.
The arrow hits the sleepcap but does no damage.
The sleepcap is heavily damaged.
The white imp hits you. The white imp freezes you.
The sleepcap closely misses you.
You shoot an arrow.
The arrow hits the sleepcap but does no damage.
The sleepcap is heavily damaged.
The white imp completely misses you.
The sleepcap releases spores at you but does no damage.
You shoot an arrow. The arrow hits the sleepcap.
The sleepcap is heavily damaged.
The white imp misses you. The sleepcap releases spores at you.
The white imp gestures at you. The puff of frost misses you.
The puff of frost hits the sleepcap!
The sleepcap closely misses you.
You shoot an arrow. The arrow hits the sleepcap.
The sleepcap is almost destroyed.
The white imp hits you but does no damage.
The sleepcap releases spores at you!
You shoot an arrow. The arrow hits the sleepcap.
You destroy the sleepcap!
The white imp hits you but does no damage.
You shoot an arrow.
The arrow hits the white imp but does no damage.
The white imp gestures at you. The puff of frost hits you!
You die...

# ## .. .. #.#
... ## #.# ..
#####.####.#+##
.......@5......
#####.#########
#


You could see a white imp.

Vanquished Creatures
  Sigmund (D:3)
  A bullfrog (D:4)
  An orc priest (D:4)
  2 sleepcaps
  Terence (D:3)
  2 scorpion zombies (D:4)
  2 orc wizards (D:4)
  A hound zombie (D:4)
  3 adders
  3 gnolls (D:5)
  An adder zombie (D:4)
  2 worms
  2 dart slugs (D:1)
  13 orcs
  5 ball pythons
  4 bats
  7 endoplasms
  3 giant cockroaches
  11 goblins
  9 hobgoblins
  3 quokkas
  2 frilled lizards (D:2)
  8 kobolds
  8 rats
95 creatures vanquished.

Notes
Turn   | Place    | Note
-------+----------+-------------------------------------------
     0 | D:1      | qw the Gargoyle Hunter began the quest for the Orb.
     0 | D:1      | Reached XP level 1. HP: 12/12 MP: 1/1
     0 | D:1      | 0 ||| qw: Version: 0.3-a-76-g4403597
     0 | D:1      | 0 ||| qw: Game counter: 952
     0 | D:1      | 0 ||| qw: Melee chars always use a shield: true
     0 | D:1      | 0 ||| qw: God list: Okawaru
     0 | D:1      | 0 ||| qw: Allow faded altars: false
     0 | D:1      | 0 ||| qw: Do Orc after clearing Dungeon:15 true
     0 | D:1      | 0 ||| qw: Do second Lair branch before Depths: true
     0 | D:1      | 0 ||| qw: Lair rune preference: random
     0 | D:1      | 0 ||| qw: Goals: Normal
     0 | D:1      | 0 ||| PLANNING D:1-11
   165 | D:1      | Reached XP level 2. HP: 17/17 MP: 2/2
   357 | D:1      | Reached XP level 3. HP: 21/21 MP: 3/3
   389 | D:1      | Reached skill level 5 in Ranged Weapons
   814 | D:1      | 814 ||| READING 2 scrolls labelled EMELYM UWYJUFO.
   815 | D:1      | 815 ||| READING scroll labelled QUTWUG KAROR.
   820 | D:1      | 820 ||| READING scroll labelled WULUME MIFI.
   921 | D:1      | 921 ||| READING 3 scrolls labelled ITIUDW NARESI.
   922 | D:1      | 922 ||| DROPPING scroll of butterflies.
   923 | D:1      | 923 ||| DROPPING 2 scrolls of immolation.
  1171 | D:2      | Found a faded altar of an unknown god.
  1313 | D:2      | Reached skill level 3 in Fighting
  1332 | D:2      | Reached XP level 4. HP: 25/28 MP: 4/4
  1580 | D:2      | 1580 ||| UPGRADING to +0 ring mail.
  1590 | D:2      | 1590 ||| DROPPING +0 leather armour.
  1591 | D:2      | 1591 ||| READING scroll labelled UDUJUG RAHAUJ.
  1592 | D:2      | 1592 ||| READING 3 scrolls labelled JUTRECOXIR.
  1593 | D:2      | 1593 ||| READING 2 scrolls of enchant weapon.
  1593 | D:2      | 1593 ||| ENCHANTING +1 shortbow.
  1594 | D:2      | 1594 ||| READING scroll of enchant weapon.
  1594 | D:2      | 1594 ||| ENCHANTING +2 shortbow.
  1637 | D:3      | Reached skill level 1 in Armour
  1741 | D:3      | 1741 ||| Stepping ~*~*~tactically~*~*~ (outnumbered).
  1743 | D:3      | 1743 ||| Stepping ~*~*~tactically~*~*~ (outnumbered).
  1745 | D:3      | 1745 ||| Stepping ~*~*~tactically~*~*~ (outnumbered).
  1746 | D:3      | 1746 ||| Stepping ~*~*~tactically~*~*~ (outnumbered).
  1772 | D:3      | Found a broken altar of Ashenzari.
  1874 | D:3      | Noticed Terence
  1884 | D:3      | Killed Terence
  1945 | D:3      | Identified the amulet of Lijan {RegenMP Drain rN+ Will+}
  1978 | D:3      | Reached XP level 5. HP: 32/32 MP: 5/5
  2111 | D:3      | Noticed Sigmund
  2123 | D:3      | Killed Sigmund
  2124 | D:3      | Reached skill level 6 in Ranged Weapons
  2124 | D:3      | Reached XP level 6. HP: 26/37 MP: 6/6
  2124 | D:3      | 2124 ||| FLEEEEING.
  2282 | D:3      | 2282 ||| UPGRADING to amulet of Lijan {RegenMP Drain rN+
                  | Will+}.
  2287 | D:3      | 2287 ||| READING scroll labelled UNIYPL FUROQIBB.
  2288 | D:3      | 2288 ||| DRINKING 2 bubbling clear potions.
  2289 | D:3      | 2289 ||| READING 3 scrolls of identify.
  2289 | D:3      | 2289 ||| IDENTIFYING smoky brown potion
  2290 | D:3      | 2290 ||| READING 2 scrolls of identify.
  2290 | D:3      | 2290 ||| IDENTIFYING golden potion
  2349 | D:4      | 2349 ||| DRINKING potion of curing.
  2349 | D:4      | 2349 ||| (to cure confusion)
  2377 | D:4      | Reached skill level 7 in Ranged Weapons
  2474 | D:4      | Reached XP level 7. HP: 35/43 MP: 7/7
  2536 | D:4      | Found a basalt altar of Yredelemnul.
  2568 | D:4      | Found a staircase to the Ecumenical Temple.
  2569 | D:4      | 2569 ||| PLANNING TEMPLE
  2569 | D:4      | 2569 ||| SWAPPING to +0 orcbow.
  2570 | D:4      | 2570 ||| DROPPING +3 shortbow of chaos.
  2571 | D:4      | 2571 ||| READING 4 scrolls of identify.
  2571 | D:4      | 2571 ||| IDENTIFYING sedimented brown potion
  2572 | D:4      | 2572 ||| DROPPING potion of attraction.
  2581 | Temple   | Entered the Ecumenical Temple
  2582 | Temple   | 2582 ||| PLANNING D:1-11
  3032 | D:4      | Found a hazy altar of Hepliaklqana.
  3036 | D:4      | 3036 ||| DRINKING potion of curing.
  3036 | D:4      | 3036 ||| (to cure confusion)
  3112 | D:4      | Found a faded altar of an unknown god.
  3328 | D:4      | 3328 ||| READING scroll labelled UXKEYPHUDIL.
  3329 | D:4      | 3329 ||| READING 4 scrolls of identify.
  3329 | D:4      | 3329 ||| IDENTIFYING coppery potion
  3330 | D:4      | 3330 ||| DROPPING potion of brilliance.
  3364 | D:5      | Entered Level 5 of the Dungeon
  3367 | D:5      | Identified the +3 flail "Duekist" {flame, rF+ Will+ MP+9}
  3441 | D:5      | Reached skill level 8 in Ranged Weapons
  3445 | D:5      | HP: 10/43 [gnoll/+0 spear (2)]
  3446 | D:5      | 3446 ||| READING scroll of teleportation.
  3448 | D:5      | 3448 ||| DRINKING potion of heal wounds.
  3456 | D:5      | HP: 4/43 [sleepcap (7)]
  3458 | D:5      | Killed from afar by a white imp

Levels and vault maps discovered:
D:1:      elethiomel_arrival_infinity_welcomes_careful_drivers, layout_basic,
          skrybe_limestone_x
D:2:      layout_basic, ebering_ecumenical_altar_abandoned
D:3:      layout_basic, mainiacjoe_overflow_alcove_2, chequers_avenue,
          wad_rectangle_vault, uniq_terence, uniq_sigmund
D:4:      layout_basic, beargit_hepliaklqana_dungeon_heroes,
          nicolae_yredelemnul_corpse_copse,
          minmay_temple_entry_statues_fountains
D:5:      layout_basic, okawaru_metal_pillars_1_2,
          mainiacjoe_overflow_tiny_flanked, makhleb_blood_cavern_becter,
          uniq_ijyb
Temple:   nicolae_temple_ecumenical_triangle

Skill      XL: |  1  2  3  4  5  6  7 |
---------------+----------------------+-----
Ranged Weapons | 5 6 7 8 |  8.0
Fighting       | 3 4 |  4.1
Armour         | 1 |  1.1
Dodging        | |  1.5
Stealth        | |  1.1

Action                     |  1- 3 |  4- 6 |  7- 9 || total
---------------------------+-------+-------+-------++-------
   Fire: Shortbow          |   120 |   145 |    17 ||   282
         Orcbow            |       |       |    70 ||    70
    Use: Scroll            |     4 |     7 |     4 ||    15
         Potion            |       |     2 |     2 ||     4
 Armour: Leather armour    |    37 |       |       ||    37
         Ring mail         |       |    62 |    52 ||   114
  Dodge: Dodged            |    38 |    42 |    51 ||   131

Table legend:
 A = Non-vault XP
 B = Vault XP
 C = Vault XP percentage of total XP
 D = Non-vault monster count
 E = Vault monster count
 F = Vault count percentage of total count
                 A         B        C        D         E       F
            +---------+---------+-------+---------+---------+-------
      Total |     459 |     394 |  46.2 |      82 |      13 |  13.7
            +---------+---------+-------+---------+---------+-------
        D:1 |      43 |       0 |   0.0 |      23 |       0 |   0.0
        D:2 |      50 |       0 |   0.0 |      15 |       0 |   0.0
        D:3 |      41 |     259 |  86.3 |      16 |       8 |  33.3
        D:4 |     252 |     135 |  34.9 |      23 |       5 |  17.9
        D:5 |      73 |       0 |   0.0 |       5 |       0 |   0.0
            +---------+---------+-------+---------+---------+-------
